 Dungeon Crawl Stone Soup version 0.16-a0-2860-gef4c3f3 (webtiles) character file.

31277 Johnny the Prestidigitator (level 12, -3/97 (103) HPs)
             Began as a Demigod Necromancer on Nov 30, 2014.
             Slain by an eight-headed hydra (4 damage)
             ... on level 6 of the Lair of Beasts.
             The game lasted 01:06:25 (23497 turns).

Johnny the Prestidigitator (Demigod Necromancer)   Turns: 23497, Time: 01:06:25

HP:   -3/97 (103)   AC: 15    Str: 11    XL:     12   Next: 97%
MP:   18/40         EV: 16    Int: 21    God:
Gold: 757           SH:  0    Dex: 22    Spells: 7 memorised, 11 levels left

rFire  + . .     SeeInvis .     d - +4 short sword (venom)
rCold  + + .     Clarity  .     K - +2 ring mail {rF+}
rNeg   + . .     SustAb   +     (no shield)
rPois  .         Gourm    +     r - +1 hat {rC+}
rElec  .         Spirit   .     o - +2 cloak {rC+}
rCorr  .         Warding  .     l - +0 pair of gloves
rMut   .         Stasis   .     t - +0 pair of boots
MR     +....                    N - amulet of the gourmand
Stlth  ++........               G - ring of magical power
                                e - ring of positive energy

@: very slightly contaminated, invisible, somewhat resistant to hostile
enchantments, unstealthy
A: sustain abilities
a: no special abilities


You were on level 6 of the Lair of Beasts.
You were not hungry.

You visited 2 branches of the dungeon, and saw 15 of its levels.
You also visited: Ice Cave.

You collected 845 gold pieces.
You spent 88 gold pieces at shops.

Inventory:

Hand weapons
 d - a +4 short sword of venom (weapon)
 O - a +3 flail of flaming
Missiles
 b - a silver tomahawk (quivered)
Armour
 l - a +0 pair of gloves (worn)
 o - a +2 cloak of cold resistance (worn)
 r - a +1 hat of cold resistance (worn)
 t - a +0 pair of boots (worn)
 K - a +2 ring mail of fire resistance (worn)
Jewellery
 e - a ring of positive energy (left hand)
 F - an uncursed amulet of stasis
 G - a ring of magical power (right hand)
 N - an amulet of the gourmand (around neck)
Magical devices
 a - a wand of flame (22)
 j - a wand of frost (16)
 q - a wand of polymorph (17)
 s - a wand of flame (0)
 x - a wand of magic darts (30)
 J - a wand of confusion (7)
 L - a wand of confusion (8)
Scrolls
 i - 5 scrolls of remove curse
 m - a scroll of fog
 n - a scroll of enchant armour
 w - a scroll of holy word
 y - a scroll of enchant weapon
 B - 2 scrolls of teleportation
 I - 2 scrolls of recharging
 Y - 2 scrolls of magic mapping
Potions
 g - a potion of resistance {unknown}
 k - 2 potions of brilliance
 v - 3 potions of agility
 z - 2 potions of flight
 D - a potion of curing
 H - a potion of might
 M - a potion of heal wounds
 R - a potion of lignification
 S - a potion of confusion {unknown}
 U - a potion of restore abilities {unknown}
 V - 2 potions of cancellation {unknown}
Comestibles
 c - 5 bread rations
 f - a royal jelly
 h - 29 fruits
 p - 6 meat rations
 u - 2 beef jerkies
 Q - 6 slices of pizza


   Skills:
 * Level 8.7 Fighting
 + Level 6.2 Armour
 * Level 9.4 Dodging
 - Level 1.7 Stealth
 * Level 8.5 Spellcasting
 + Level 2.4 Charms
 * Level 9.6 Necromancy
 * Level 9.8 Evocations


You had 11 spell levels left.
You knew the following spells:

 Your Spells              Type           Power        Failure   Level  Hunger
a - Pain                  Necr           ####         1%          1    None
b - Control Undead        Necr           #####.....   1%          4    ###....
c - Vampiric Draining     Necr           #####.....   1%          3    None
d - Regeneration          Chrm/Necr      ####......   2%          3    None
e - Animate Dead          Necr           N/A          1%          4    ###....
f - Animate Skeleton      Necr           N/A          1%          1    None
g - Summon Small Mammal   Summ           #...         12%         1    None


Dungeon Overview and Level Annotations

Branches:
Dungeon (8/15)             Temple (0/1) D:4            Lair (7/8) D:8
 Shoals (0/5) Lair:6       Spider (0/5) Lair:4        Slime (0/6) Lair:7

Shops:
D:4 !


Innate Abilities, Weirdness & Mutations

Your attributes are resistant to harm.


Message History

Drink which item? (? for menu, Esc to quit)
You fade into invisibility!
The eight-headed hydra bites you.
* * * LOW HITPOINT WARNING * * *
The eight-headed hydra bites you!
* * * LOW HITPOINT WARNING * * *
The eight-headed hydra completely misses you.
The eight-headed hydra barely misses you.
The eight-headed hydra completely misses you.
The eight-headed hydra bites you.
* * * LOW HITPOINT WARNING * * *
The eight-headed hydra closely misses you.
The eight-headed hydra bites you.
* * * LOW HITPOINT WARNING * * *
The eight-headed hydra barely misses you.
The eight-headed hydra bites you!
* * * LOW HITPOINT WARNING * * *
The eight-headed hydra closely misses you.
The eight-headed hydra misses you. The eight-headed hydra bites you.
You die...

...............................<.
...................#P#...##......
............../....###..#.##.....
........#..#........#......#.....
.......#....#......#.......#.....
.................>.#.....).#....#
###.................#......#.....
###....#.......D....#.......#...#
.##.............@..PP............
.##....#...................#P...P
.##.....#..#..#......P...#.##...P
.##......PP#...#.....#..+...P..<.
###....PPP..................P....
# ####...#.#....##.###.......P.#.
# ######.######## #.###.######
### ### ###


You could see an eight-headed hydra.

Vanquished Creatures
  A hydra (Lair:1)
  An ice dragon (Lair:6)
  8 death yaks
  2 ice statues (IceCv)
  An orb spider (Lair:4)
  A griffon (Lair:2)
  2 elephants (Lair:4)
  9 spiny frogs
  2 black mambas
  6 komodo dragons
  A fire drake (Lair:5)
  A polar bear (Lair:5)
  10 blink frogs
  14 yaks
  3 hippogriffs
  A human (D:8)
  12 wolves
  4 water moccasins
  11 porcupines
  19 ice beasts
  A sky beast (D:6)
  An orc warrior (D:8)
  3 black bears
  3 ogres
  A crocodile (Lair:4)
  3 centaurs
  2 necrophages
  A big kobold (D:7)
  11 giant frogs
  A yak zombie (Lair:5)
  4 wights (D:7)
  4 electric eels
  3 crimson imps
  A quasit (D:8)
  A gnoll shaman (D:4)
  13 hounds
  A centaur skeleton (D:7)
  2 giant frog skeletons (D:8)
  3 orc priests
  3 worker ants (D:4)
  9 iguanas
  5 orc wizards
  22 sheep
  A hound skeleton (D:4)
  2 hound zombies
  A worker ant zombie (D:7)
  Robin (D:4)
  16 adders
  43 river rats
  6 gnolls
  2 shadow imps
  2 giant mites (D:5)
  7 white imps (IceCv)
  3 ufetubi (IceCv)
  3 worms
  An adder zombie (D:7)
  An adder skeleton (D:4)
  2 river rat zombies (Lair:5)
  2 giant geckos
  An ooze (D:2)
  17 orcs
  9 bats
  A bat skeleton (D:4)
  16 hobgoblins
  8 jackals
  3 ball pythons
  6 giant cockroaches
  A giant cockroach zombie (D:6)
  A giant gecko zombie (D:7)
  4 giant newts
  24 goblins
  A jackal skeleton (D:4)
  20 kobolds
  14 quokkas
  2 quokka zombies
  13 rats
  4 ballistomycetes (D:7)
  A bush (D:7)
446 creatures vanquished.

Vanquished Creatures (collateral kills)
  2 hydras (Lair:5)
  A death yak (Lair:7)
  2 elephants (Lair:4)
  A griffon (Lair:7)
  2 black mambas
  A komodo dragon (Lair:7)
  A fire drake (Lair:4)
  A polar bear (Lair:7)
  7 blink frogs
  11 yaks
  2 basilisks
  2 wyverns
  2 hippogriffs
  4 wolves
  3 porcupines
  5 water moccasins
  7 ice beasts (Lair:2)
  An ogre (D:5)
  2 crocodiles
  2 necrophages (D:7)
  5 giant frogs
  A giant frog zombie (D:7)
  3 hounds
  A giant frog skeleton (D:5)
  An iguana (Lair:5)
  4 sheep
  25 river rats
  3 adders
  An adder zombie (D:7)
  2 orcs
  A giant cockroach (D:5)
  A quokka (D:5)
  A ball python skeleton (D:5)
  A bat (D:5)
  A goblin (D:5)
  A rat (D:5)
  A bush (Lair:2)
  2 butterflies
  2 fungi
  3 plants
119 creatures vanquished.

Vanquished Creatures (others)
  A death yak zombie (Lair:6)
  2 spiny frog zombies
  6 blink frog zombies
  3 komodo dragon zombies
  A wyvern zombie (Lair:7)
  4 water moccasin zombies
  2 yak zombies
  5 wolf zombies
  3 giant frog zombies
  A basilisk zombie (Lair:2)
  2 porcupine zombies
  A crocodile zombie (Lair:4)
  4 hound zombies
  2 white imps (IceCv)
  5 ufetubi (IceCv)
  2 iguana zombies
  An adder zombie (D:5)
  An electric eel zombie (Lair:2)
  9 sheep zombies
  2 bat zombies
  18 river rat zombies
  5 bats
  A giant gecko zombie (D:6)
  A giant spore (D:7)
  2 kobold zombies (D:7)
  5 orc zombies
  3 quokka zombies
  4 rats
  A bush (D:7)
  A fungus (Lair:2)
  A plant (D:7)
99 creatures vanquished.

Grand Total: 664 creatures vanquished

Notes
Turn   | Place    | Note
--------------------------------------------------------------
     0 | D:1      | Johnny, the Demigod Necromancer, began the quest for the Orb.
     0 | D:1      | Reached XP level 1. HP: 14/14 MP: 3/3
   706 | D:1      | Reached XP level 2. HP: 20/22 MP: 1/4
  1422 | D:1      | Reached skill level 1 in Fighting
  1519 | D:2      | Found a shattered altar of Ashenzari.
  1746 | D:2      | Reached XP level 3. HP: 21/28 MP: 0/8
  1824 | D:2      | Learned a level 3 spell: Vampiric Draining
  1837 | D:2      | Reached skill level 4 in Necromancy
  2813 | D:3      | Reached XP level 4. HP: 26/35 MP: 6/11
  3668 | D:4      | Reached skill level 1 in Evocations
  3670 | D:4      | Reached XP level 5. HP: 9/41 MP: 0/14
  4010 | D:4      | Noticed Robin
  4145 | D:4      | Learned a level 4 spell: Animate Dead
  4204 | D:4      | Noticed an ogre
  4209 | D:4      | Killed an ogre
  4209 | D:4      | Reached XP level 6. HP: 36/48 MP: 9/17
  4312 | D:4      | Found a staircase to the Ecumenical Temple.
  4476 | D:4      | Found Eniuwni's Distillery.
  4513 | D:4      | Reached skill level 1 in Armour
  4529 | D:4      | Bought a potion of heal wounds for 55 gold pieces
  4529 | D:4      | Bought a potion of curing for 33 gold pieces
  4894 | D:4      | Killed Robin
  5526 | D:5      | Entered Level 5 of the Dungeon
  5647 | D:5      | Reached skill level 5 in Necromancy
  5655 | D:5      | Reached XP level 7. HP: 30/56 MP: 0/19
  6981 | D:6      | Reached XP level 8. HP: 30/57 MP: 19/21
  7822 | D:7      | Reached skill level 6 in Necromancy
  7954 | D:7      | Found a blossoming altar of Fedhas.
  8085 | D:7      | Learned a level 4 spell: Control Undead
  8089 | D:7      | Learned a level 3 spell: Regeneration
  8095 | D:7      | Learned a level 1 spell: Animate Skeleton
  8407 | D:8      | Reached skill level 5 in Evocations
  8407 | D:8      | Reached XP level 9. HP: 44/66 MP: 16/23
  8598 | D:8      | Reached skill level 5 in Dodging
  8870 | D:8      | Reached skill level 5 in Spellcasting
  9029 | D:8      | Found a staircase to the Lair.
  9106 | D:8      | Reached skill level 5 in Fighting
  9178 | Lair:1   | Entered Level 1 of the Lair of Beasts
  9178 | Lair:1   | Noticed a spiny frog
  9179 | Lair:1   | Noticed a komodo dragon
  9312 | Lair:1   | Noticed a four-headed hydra
  9334 | Lair:1   | Killed a four-headed hydra
  9860 | Lair:1   | Killed a komodo dragon
  9860 | Lair:1   | Reached skill level 7 in Necromancy
 10011 | Lair:2   | Reached XP level 10. HP: 24/76 MP: 7/26
 10024 | Lair:2   | Noticed a komodo dragon
 10039 | Lair:2   | Killed a komodo dragon
 10298 | Lair:2   | Found a frozen archway.
 10351 | IceCv    | Entered an ice cave
 10522 | IceCv    | Learned a level 1 spell: Summon Small Mammal
 10713 | IceCv    | Noticed an ice statue
 10713 | IceCv    | Noticed an ice statue
 12084 | IceCv    | Killed an ice statue
 12894 | IceCv    | HP: 3/77 [something] (10)]
 13992 | IceCv    | Killed an ice statue
 14626 | Lair:2   | Noticed a black mamba
 14641 | Lair:2   | Killed a black mamba
 15638 | Lair:3   | Reached skill level 8 in Necromancy
 15772 | Lair:3   | Reached XP level 11. HP: 66/85 MP: 22/28
 16967 | Lair:4   | Found a hole to the Spider Nest.
 18196 | Lair:5   | Reached skill level 5 in Armour
 18230 | Lair:5   | Noticed a five-headed hydra
 18292 | Lair:5   | Killed a five-headed hydra
 18603 | Lair:5   | Noticed a six-headed hydra
 18642 | Lair:5   | Killed a six-headed hydra
 19237 | Lair:6   | Found a staircase to the Shoals.
 19268 | Lair:6   | Reached XP level 12. HP: 73/95 MP: 26/30
 19392 | Lair:6   | Noticed an ice dragon
 19427 | Lair:6   | Killed an ice dragon
 19630 | Lair:6   | Reached skill level 1 in Charms
 19713 | Lair:6   | Reached skill level 9 in Evocations
 19862 | Lair:6   | Noticed a death yak
 19863 | Lair:6   | Noticed a death yak
 19863 | Lair:6   | Noticed a death yak
 19866 | Lair:6   | Noticed a death yak
 19867 | Lair:6   | Noticed a death yak
 19873 | Lair:6   | Noticed a death yak
 19887 | Lair:6   | Killed a death yak
 19892 | Lair:6   | Killed a death yak
 20207 | Lair:6   | Killed a death yak
 20214 | Lair:6   | Killed a death yak
 20410 | Lair:5   | Killed a death yak
 20416 | Lair:5   | Killed a death yak
 21227 | Lair:1   | Killed a spiny frog
 22198 | Lair:2   | Noticed a griffon
 22214 | Lair:2   | Killed a griffon
 23171 | Lair:7   | Found a viscous altar of Jiyva.
 23171 | Lair:7   | Found a staircase to the Slime Pits.
 23195 | Lair:7   | Noticed an eight-headed hydra
 23497 | Lair:6   | HP: 1/97 [eight-headed hydra (8)]
 23497 | Lair:6   | Slain by an eight-headed hydra

Action                   |  1- 3 |  4- 6 |  7- 9 | 10-12 || total
-------------------------+-------+-------+-------+-------++-------
Melee: Unarmed           |    11 |       |       |       ||    11
       Short sword       |    31 |    88 |   411 |   692 ||  1222
       Club              |     2 |       |       |       ||     2
       Mace              |     1 |       |       |       ||     1
       Rapier            |    24 |    96 |       |       ||   120
       Great sword       |       |       |    12 |       ||    12
       Flail             |       |       |       |    77 ||    77
Throw: Tomahawk          |       |     1 |     1 |     3 ||     5
 Cast: Pain              |    65 |     7 |    35 |    64 ||   171
       Vampiric Draining |     5 |    25 |    61 |   277 ||   368
       Animate Dead      |       |     1 |    11 |    75 ||    87
       Control Undead    |       |       |     3 |     1 ||     4
       Regeneration      |       |       |     1 |     3 ||     4
       Summon Small Mamm |       |       |       |    15 ||    15
Evoke: Wand              |       |     6 |    41 |    66 ||   113
  Use: Potion            |       |     2 |     2 |    10 ||    14
       Scroll            |       |       |    13 |    19 ||    32
 Stab: Sleeping          |     1 |     3 |     5 |     3 ||    12
       Distracted        |       |     1 |     2 |     7 ||    10
       Confused          |       |       |     1 |     5 ||     6
  Eat: Chunk             |     7 |    11 |    22 |    36 ||    76
       Pizza             |       |       |     1 |     3 ||     4
       Beef jerky        |       |       |     1 |       ||     1
       Bread ration      |       |       |       |     2 ||     2
       Fruit             |       |       |       |     2 ||     2
